AoeStats
← Fathandzzz

Arabia

510038856Analyzed
2v2 RM · 1d ago on Sep 29, 2026· 25m 33s· 4 players
Game mode
Random Map
Map size
Medium (4 player)
Population
200
Speed
Normal
Resources
Standard
Victory
Conquest
Starting age
Dark Age
Ending age
Imperial Age
RankedLock teamsTeams togetherTeam positionsShared explorationLock speedFull tech treeHidden civsTurbo modeCheats
Victory
Defeat
🇺🇸 Varangians · United States
1147
+19
🇺🇸 Ethiopians · United States
1147
+19
🇵🇪 Khmer · Peru
1239
-20
🇦🇺 Wei · Australia
1177
-18
Fathandzzz
7:17 Loom
10:25 Feudal Age
10:56 Double-Bit Axe
11:03 Horse Collar
14:43 Wheelbarrow
18:34 Castle Age
18:54 Crossbowman
19:27 Fletching
24:34 Royal Heirs
24:44 Bodkin Arrow
Killacammmmm461
8:42 Loom
10:06 Loom
12:38 Feudal Age
13:09 Horse Collar
13:16 Double-Bit Axe
21:10 Castle Age
20:58 Scale Barding Armor
21:03 Forging
21:48 Bloodlines
Jimmyjhanpierre
6:37 Loom
9:37 Feudal Age
10:40 Horse Collar
10:47 Double-Bit Axe
16:38 Wheelbarrow
19:17 Castle Age
17:53 Scale Barding Armor
18:04 Gold Mining
20:37 Chain Barding Armor
21:06 Bow Saw
23:11 Bloodlines
Ashweight
7:29 Loom
9:57 Feudal Age
10:37 Gold Mining
10:29 Horse Collar
10:35 Double-Bit Axe
11:17 Stone Mining
16:31 Wheelbarrow
20:46 Castle Age
19:57 Scale Barding Armor
20:51 Bloodlines
21:39 Heavy Plow
21:50 Bow Saw
22:18 Bloodlines
22:08 Husbandry
22:16 Husbandry
Connection lost

Rejoining the realm…

Still unreachable

The connection could not be restored.

Session expired

The server has moved on; the page needs a fresh start.